 Dungeon Crawl Stone Soup version 0.31-a0-325-g067879e3d3 (webtiles) character file.

Game seed: 934266075451464866

206663 Shayle the Exorcist (level 18, 0/144 HPs)
             Began as a Gnoll Shapeshifter on July 18, 2023.
             Was an Elder of the Shining One.
             Slain by a saltling (2 damage)
             ... in the Desolation of Salt.
             The game lasted 03:17:49 (45557 turns).

Shayle the Exorcist (Gnoll Shapeshifter)           Turns: 45557, Time: 03:17:49

Health: 0/144      AC: 29    Str: 18    XL:     18   Next: 72%
Magic:  34/34      EV: 20    Int: 12    God:    the Shining One [****..]
Gold:   1614       SH: 16    Dex: 15    Spells: 16/42 levels left

rFire   + . .        R - +7 Spriggan's Knife {stab, EV+4 Stlth+}
rCold   + + .        t - +0 kite shield "Kodex" {rElec rC++}
rNeg    + + +        X - +5 ring mail of Bitterness {+Blink rF+}
rPois   +            s - +2 hat
rElec   +            Z - +2 cloak {rPois}
rCorr   .            w - +2 pair of gloves
SInv    .            N - +2 pair of boots {rampage}
Will    +++..        i - amulet of magic regeneration
Stlth   +++          C - +4 ring of slaying
HPRegen 0.44/turn    m - ring "Gogack" {rN+ Will++}
MPRegen 0.64/turn

%: rampage
@: ice-armoured, forested, hasted, glowing, very quick
A: fangs 1, strong nose, distributed training, talons 1, large bone plates 1,
strong 1
}: 1/15 runes: decaying
a: Renounce Religion, Evoke Blink, Divine Shield, Cleansing Flame


You were in the Desolation of Salt.
You worshipped the Shining One.
The Shining One was greatly pleased with you.
You visited 7 branches of the dungeon, and saw 32 of its levels.
You also visited: Trove, Sewer, Ossuary, Bailey and Desolation.

You collected 3152 gold pieces.
You spent 1538 gold pieces at shops.

Inventory:

Hand Weapons
 R - the +7 Spriggan's Knife (weapon) {stab, EV+4 Stlth+}
   (You found it on level 5 of the Lair of Beasts)

   Stab:      It is more effective when stabbing unaware enemies, sometimes
   treating them as though they were completely helpless.
   EV:        It affects your evasion (+4).
   Stlth:     It makes you more stealthy.
Missiles
 n - 3 throwing nets
Armour
 s - a +2 hat (worn)
 t - the +0 kite shield "Kodex" (worn) {rElec rC++}
   (You found it in a treasure trove)

   rC:        It greatly protects you from cold.
   rElec:     It insulates you from electricity.
 w - a +2 pair of gloves (worn)
 N - a +2 pair of boots of rampaging (worn)
 X - the +5 ring mail of Bitterness (worn) {+Blink rF+}
   (You found it on level 11 of the Dungeon)

   rF:        It protects you from fire.
   +Blink:    It lets you blink.
 Z - a +2 cloak of poison resistance (worn)
Jewellery
 a - a +6 ring of dexterity
 i - an amulet of magic regeneration (around neck)
 k - a ring of fire
 m - the ring "Gogack" (right hand) {rN+ Will++}
   (You acquired it on level 8 of the Dungeon)

   [ring of positive energy]

   rN:        It protects you from negative energy.
   Will:      It greatly increases your willpower.
 p - a ring of willpower
 y - an amulet of regeneration
 C - a +4 ring of slaying (left hand)
Talismans
 c - a beast talisman
 r - a serpent talisman
Wands
 j - a wand of charming (19)
 x - a wand of digging (4)
 K - a wand of flame (49)
 W - a wand of iceblast (1)
Scrolls
 e - 2 scrolls of amnesia
 o - a scroll of enchant weapon
 L - 2 scrolls of silence
 M - 5 scrolls of vulnerability
 O - 5 scrolls of fog
 Q - 2 scrolls of revelation
 T - 4 scrolls of poison
Potions
 b - 9 potions of lignification
 d - 7 potions of brilliance
 f - a potion of magic
 h - 7 potions of cancellation
 v - 3 potions of resistance
 A - 3 potions of enlightenment
 G - 5 potions of attraction
 H - 4 potions of haste
 J - 3 potions of mutation
 Y - 2 potions of invisibility


   Skills:
 + Level 13.5 Fighting
 + Level 12.8 Short Blades
 + Level 12.8 Long Blades
 + Level 12.8 Axes
 + Level 12.8 Maces & Flails
 + Level 12.8 Polearms
 + Level 12.8 Staves
 + Level 12.8 Ranged Weapons
 + Level 12.8 Throwing
 + Level 12.8 Armour
 + Level 13.5 Dodging
 + Level 12.8 Stealth
 + Level 12.8 Shields
 + Level 13.5 Unarmed Combat
 + Level 12.8 Spellcasting
 + Level 10.8 Conjurations
 + Level 10.8 Hexes
 + Level 10.8 Summonings
 + Level 10.8 Necromancy
 + Level 10.8 Translocations
 + Level 10.8 Transmutations
 + Level 10.8 Fire Magic
 + Level 10.8 Ice Magic
 + Level 10.8 Air Magic
 + Level 10.8 Earth Magic
 + Level 10.8 Poison Magic
 + Level 13.9 Invocations
 + Level 12.8 Evocations
 + Level 12.6 Shapeshifting


You had 16 spell levels left.
You knew the following spells:

 Your Spells              Type           Power      Damage    Failure   Level
a - Mephitic Cloud        Conj/Pois/Air  33%        N/A       1%          3
b - Ozocubu's Armour      Ice            33%        N/A       1%          3
c - Frozen Ramparts       Ice            66%        1d10      1%          3
d - Airstrike             Air            16%        2d(3-19)  2%          4
e - Summon Forest         Summ/Tloc      16%        N/A       8%          5
f - Iskenderun's Mystic   Conj/Tloc      33%        2d8       2%          4
g - Manifold Assault      Tloc           33%        N/A       2%          4

Your spell library contained the following spells:

 Spells                   Type           Power      Damage    Failure   Level
 Freeze                   Ice            100%       1d10      1%          1
 Magic Dart               Conj           100%       1d8       1%          1
 Sandblast                Erth           66%        2d15      1%          1
 Shock                    Conj/Air       100%       1d9       1%          1
 Summon Small Mammal      Summ           100%       N/A       1%          1
 Call Imp                 Summ           66%        N/A       1%          2
 Ensorcelled Hibernation  Hex/Ice        66%        N/A       1%          2
 Passwall                 Tmut/Erth      27%        N/A       1%          2
 Searing Ray              Conj           66%        2d6       1%          2
 Call Canine Familiar     Summ           33%        N/A       1%          3
 Hailstorm                Conj/Ice       33%        3d8       1%          3
 Portal Projectile        Hex/Tloc       66%        N/A       1%          3
 Stone Arrow              Conj/Erth      66%        3d11      1%          3
 Summon Guardian Golem    Hex/Summ       33%        N/A       1%          3
 Swiftness                Air            33%        N/A       1%          3
 Tukima's Dance           Hex            33%        N/A       1%          3
 Anguish                  Hex/Necr       16%        N/A       2%          4
 Animate Armour           Summ/Erth      66%        N/A       2%          4
 Cause Fear               Hex            16%        N/A       2%          4
 Fulminant Prism          Conj/Hex       16%        3d10      2%          4
 Passage of Golubria      Tloc           33%        N/A       2%          4
 Petrify                  Tmut/Erth      33%        N/A       2%          4
 Metabolic Englaciation   Hex/Ice        16%        N/A       8%          5
 Silence                  Hex/Air        16%        N/A       8%          5
 Dispersal                Tloc           16%        N/A       41%         6
 Eringya's Noxious Bog    Tmut/Pois      16%        4d6       41%         6
 Enfeeble                 Hex            16%        N/A       94%         7
 Orb of Destruction       Conj           16%        9d7       94%         7
 Ozocubu's Refrigeration  Ice            16%        4d11      94%         7
 Spellforged Servitor     Conj/Summ      16%        N/A       94%         7
 Summon Hydra             Summ           16%        N/A       94%         7
 Disjunction              Tloc           16%        N/A       100%        8
 Lehudib's Crystal Spear  Conj/Erth      16%        10d5      100%        8
 Chain Lightning          Conj/Air       16%        3d22      100%        9
 Fire Storm               Conj/Fire      16%        8d4       100%        9
 Shatter                  Erth           16%        3d16*     100%        9


Dungeon Overview and Level Annotations

Branches:
Dungeon (14/15)            Temple (1/1) D:4            Lair (5/5) D:9
  Swamp (4/4) Lair:2        Snake (4/4) Lair:3        Slime (0/5) Lair:5
    Orc (2/2) D:11            Elf (2/3) Orc:2        Vaults (0/5) D:13
  Sewer (visited)         Ossuary (visited)          Bailey (visited)
Desolation (1/1)

Altars:
Ashenzari
Cheibriados
Dithmenos
Elyvilon
Fedhas
Gozag
Hepliaklqana
Kikubaaqudgha
Makhleb
Nemelex Xobeh
Okawaru
Qazlal
Ru
Sif Muna
Trog
Uskayaw
Vehumet
Wu Jian
Xom
Yredelemnul
Zin
The Shining One
Jiyva

Shops:
D:2 *   D:4 *   D:11 [*   Orc:2 =(![*   Elf:2 =   Snake:3 ?   Snake:4 !

Annotations:
D:4 3 runed translucent doors, pokeman's ghost, amateur DEHW


Innate Abilities, Weirdness & Mutations

You have very sharp teeth.
Your uncanny sense of smell can sniff out nearby items.
Your experience applies equally to all skills.
You have sharp toenails.
You are partially covered in large bone plates. (SH +4)
Your muscles are strong. (Str +4, Int/Dex -1)


Message History

The peacekeeper is moderately damaged.
Tree limbs sway around you.
A tree reaches out and hits the saltling!
A root smacks the saltling from below!
Your dryad hits the peacekeeper! You block the saltling's attack. x2
The peacekeeper roars a battlecry!
The saltling goes into a battle-frenzy!
The saltling closely misses you.
Okay, then.
You hit the peacekeeper but do no damage.
The peacekeeper is moderately damaged.
Your snaplasher vine hits the saltling but does no damage.
Your snaplasher vine constricts the saltling.
Unknown command.
You puncture the saltling!
You destroy the saltling!
Branches wave dangerously above you.
A root smacks the saltling from below!
A root lunges up near the saltling.
The saltling hits you.
* * * LOW HITPOINT WARNING * * *
The peacekeeper closely misses you. You block the peacekeeper's attack.
Your dryad hits the peacekeeper but does no damage.
The saltling misses you. You block the saltling's attack.
You puncture the peacekeeper!
You bite the peacekeeper, but do no damage.
The peacekeeper is heavily damaged.
The saltling no longer looks unusually strong.
The servant of whispers barely misses you.
Unknown command.
You hit the peacekeeper but do no damage.
You bite the peacekeeper.
The peacekeeper is severely damaged.
Your divine shield fades away.
Your snaplasher vine hits the saltling but does no damage.
Your snaplasher vine constricts the saltling.
A saltling comes into view.
The peacekeeper roars a battlecry!
The saltlings go into a battle-frenzy!
The saltling hits you.
You die...

........#..#...
......9~~.......§...#...
....♣....~≈~....§..§§§#...
.......♣.~≈~.....§§§§§#...
.9........≈~...§§§§§§§#...
.........9.....§§§§§§§#[..
.......9a......§§.§.§.###.
.......9999.§...§.§§......
.......99@R§§§§...§)§.....
.......w9.§§§..§...§§.....
###♣###♣########♣♣########
#########♣#♣##############
#########♣#♣##############
###♣♣###♣♣♣###♣###########
###♣#######♣#♣############
#####♣#♣#######♣##########
######♣########♣##########


You could see a servant of whispers, a peacekeeper (ally target), 9 saltlings, a
friendly dryad (summoned) and a friendly snaplasher vine.

Vanquished Creatures
  2 thorn hunters
  A deep elf sorcerer (Elf:1)
  An angel (Elf:2)
  A deep elf demonologist (Elf:1)
  2 eleionomae
  A vampire knight (Swamp:4)
  2 bunyips
  2 ragged hierophants (Desolation)
  A crystal guardian (Desolation)
  A shambling mangrove (Swamp:3)
  A deep elf high priest (Elf:1)
  Josephine (Lair:3)
  A salamander tyrant (Snake:3)
  Fannar (Lair:2)
  A vault guard (D:13)
  3 peacekeepers (Desolation)
  An ogre mage (Orc:1)
  A spriggan air mage (Swamp:3)
  9 hydras
  10 anacondas
  3 centaur warriors
  2 ghost crabs
  A boulder beetle (D:12)
  6 two-headed ogres
  10 alligators
  5 naga warriors
  4 naga sharpshooters
  6 dancing weapons
  3 orc high priests
  Amaemon (Lair:3)
  2 deep elf knights (Elf:1)
  3 shock serpents (Snake:1)
  A fire crab (shapeshifter) (D:14)
  A salamander mystic (Snake:3)
  7 goliath frogs
  4 naga ritualists
  A death drake (Swamp:4)
  A spectral hydra (Swamp:4)
  A swamp dragon (Swamp:3)
  10 deep elf archers
  5 bog bodies
  A phantasmal warrior (Swamp:4)
  4 lindwurms (Lair:3)
  2 orc knights
  15 deep elf pyromancers
  A necromancer (D:13)
  18 deep elf zephyrmancers
  5 will-o-the-wisps
  5 mana vipers (Snake:1)
  A manticore (D:12)
  4 ugly things
  4 cyclopes
  7 elephants
  10 salamanders
  2 guardian serpents
  3 naga magi
  22 black mambas
  An orange demon (Lair:3)
  A gargoyle (D:12)
  A kobold demonologist (D:10)
  20 cane toads
  Psyche (D:9)
  2 tengu conjurers (D:9)
  2 guardian mummies (D:13)
  2 rime drakes (Lair:2)
  A freezing wraith (Swamp:4)
  7 komodo dragons
  2 death drake zombies (Swamp:4)
  2 polar bears
  A hydra zombie (Swamp:4)
  12 tyrant leeches
  4 bloated husks
  3 meliai (D:14)
  Prince Ribbit (D:8)
  6 hornets
  35 blink frogs
  15 saltlings (Desolation)
  4 trolls
  6 dream sheep
  3 slime creatures
  A vampire (D:14)
  3 shadows
  A centaur simulacrum (D:14)
  3 wraiths (Lair:3)
  38 yaks
  8 humans
  5 spriggans
  A water elemental (Elf:2)
  5 wyverns
  A fire elemental (Elf:1)
  A basilisk (Lair:4)
  A steam dragon (D:9)
  12 swamp worms
  13 vampire mosquitoes
  2 wargs
  An acid dragon (D:12)
  16 nagas
  11 water moccasins
  23 orc warriors
  8 swamp drakes
  A black bear (shapeshifter) (Elf:2)
  An ice beast (D:6)
  12 ogres
  27 wolves
  3 black bears
  8 centaurs
  A kobold brigand (D:12)
  18 bullfrogs
  An earth elemental (Elf:1)
  4 necrophages (Lair:4)
  2 scorpions (D:9)
  6 wights
  17 killer bees
  A crimson imp (D:9)
  2 howler monkeys
  3 lava snakes (Lair:3)
  5 hounds
  An iron imp (D:9)
  8 orc priests
  4 iguanas
  2 sleepcaps (D:6)
  2 gnoll boudas (D:12)
  10 orc wizards
  Terence (D:2)
  13 mummies (Ossuary)
  22 gnolls
  8 adders
  2 shadow imps
  5 white imps
  2 ufetubi
  3 worms
  3 dart slugs
  73 orcs
  7 ball pythons
  2 bats
  4 endoplasms
  10 giant cockroaches
  9 goblins
  5 hobgoblins
  2 jackals (D:2)
  10 quokkas
  4 frilled lizards
  2 gnoll skeletons (Ossuary)
  A goblin skeleton (Ossuary)
  4 kobolds
  A kobold skeleton (Ossuary)
  4 orc skeletons (Ossuary)
  7 rats
  11 rat skeletons (Ossuary)
864 creatures vanquished.

Vanquished Creatures (collateral kills)
  Gastronok (Orc:1)
  3 thorn hunters (Swamp:4)
  An orc warlord (Orc:2)
  A hydra skeleton (Swamp:4)
  2 shambling mangroves (Swamp:4)
  A vault guard (D:13)
  4 hydras (Swamp:4)
  An ogre mage (Orc:1)
  A centaur warrior (D:13)
  A dancing weapon (Elf:1)
  An alligator (Swamp:2)
  3 two-headed ogres (Orc:1)
  2 naga warriors
  An orc high priest (Orc:2)
  A spectral hydra (Swamp:4)
  A flayed ghost (Swamp:4)
  2 spriggan druids (Swamp:4)
  3 swamp dragons (Swamp:4)
  A naga ritualist (Snake:2)
  A deep elf archer (Elf:1)
  3 orc knights
  2 bog bodies (Swamp:4)
  3 deep elf pyromancers (Orc:1)
  4 deep elf zephyrmancers
  A necromancer (D:13)
  2 mana vipers (Snake:2)
  3 oklob plants (Swamp:4)
  3 orc sorcerers (Orc:2)
  A salamander (Snake:4)
  3 elephants (Lair:5)
  3 black mambas (Snake:2)
  4 naga magi
  A guardian serpent (Snake:4)
  A cane toad (Lair:5)
  3 freezing wraiths (Swamp:4)
  2 death drake zombies (Swamp:4)
  6 hornets
  3 saltlings (Desolation)
  A blink frog (Lair:5)
  2 wraiths (Lair:3)
  3 yaks
  A spriggan (Swamp:3)
  12 humans (D:13)
  3 nagas
  4 wargs
  A hydra simulacrum (Swamp:4)
  A water moccasin (Lair:5)
  20 orc warriors
  A swamp drake (Swamp:4)
  2 ogres (Orc:1)
  A centaur (D:8)
  4 orc priests (Orc:2)
  10 orc wizards
  16 orcs
162 creatures vanquished.

Vanquished Creatures (others)
  An alligator (Swamp:2)
  A spriggan (Swamp:1)
  A deep elf archer (Elf:1)
  An ironbound convoker (Desolation)
  A bog body (Swamp:2)
  An orc knight (Bailey)
  6 bloated husks
  3 hornets
  A polar bear (Lair:4)
  A blink frog (Lair:5)
  An orc wizard (Elf:1)
  An orc (Elf:1)
  16 foxfires
  2 snaplasher vines (Desolation)
37 creatures vanquished.

Grand Total: 1063 creatures vanquished

Notes
Turn   | Place    | Note
-------+----------+-------------------------------------------
     0 | D:1      | Shayle the Gnoll Shapeshifter began the quest for the Orb.
     0 | D:1      | Reached XP level 1. HP: 20/20 MP: 1/1
   109 | D:1      | Reached XP level 2. HP: 26/26 MP: 2/2
   411 | D:1      | Reached XP level 3. HP: 31/31 MP: 3/3
   720 | D:2      | Noticed a shining eye
   721 | D:2      | Found a faded altar of an unknown god.
   726 | D:2      | Noticed a shining eye
   732 | D:2      | Noticed a floating eye
   735 | D:2      | Noticed a golden eye
   881 | D:2      | Reached skill level 1 in Invocations
   982 | D:2      | Reached skill level 1 in Short Blades
   982 | D:2      | Reached skill level 1 in Long Blades
   982 | D:2      | Reached skill level 1 in Axes
   982 | D:2      | Reached skill level 1 in Maces & Flails
   982 | D:2      | Reached skill level 1 in Polearms
   982 | D:2      | Reached skill level 1 in Staves
   982 | D:2      | Reached skill level 1 in Ranged Weapons
   982 | D:2      | Reached skill level 1 in Throwing
   982 | D:2      | Reached skill level 1 in Armour
   982 | D:2      | Reached skill level 1 in Stealth
   982 | D:2      | Reached skill level 1 in Shields
   982 | D:2      | Reached skill level 1 in Spellcasting
   982 | D:2      | Reached skill level 1 in Evocations
  1009 | D:2      | Reached XP level 4. HP: 38/38 MP: 5/5
  1025 | D:2      | Reached skill level 1 in Conjurations
  1025 | D:2      | Reached skill level 1 in Hexes
  1025 | D:2      | Reached skill level 1 in Summonings
  1025 | D:2      | Reached skill level 1 in Necromancy
  1025 | D:2      | Reached skill level 1 in Translocations
  1025 | D:2      | Reached skill level 1 in Transmutations
  1025 | D:2      | Reached skill level 1 in Fire Magic
  1025 | D:2      | Reached skill level 1 in Ice Magic
  1025 | D:2      | Reached skill level 1 in Air Magic
  1025 | D:2      | Reached skill level 1 in Earth Magic
  1025 | D:2      | Reached skill level 1 in Poison Magic
  1059 | D:2      | Noticed Terence
  1071 | D:2      | Killed Terence
  1142 | D:2      | Found Nuazuth's General Store.
  1205 | D:2      | Reached XP level 5. HP: 43/43 MP: 5/7
  2218 | D:3      | Reached XP level 6. HP: 34/50 MP: 8/8
  2340 | D:4      | Found a staircase to the Ecumenical Temple.
  2348 | Temple   | Entered the Ecumenical Temple
  2376 | Temple   | Became a worshipper of the Shining One
  2423 | D:4      | Found Vivyan's Gadget Gallery.
  2512 | D:4      | Found a shimmering altar of Xom.
  2552 | D:4      | Reached skill level 5 in Fighting
  2552 | D:4      | Reached skill level 5 in Dodging
  2552 | D:4      | Reached skill level 5 in Unarmed Combat
  3109 | D:4      | Reached XP level 7. HP: 45/56 MP: 10/10
  3195 | D:4      | Found a runed translucent gate.
  3195 | D:4      | Found a runed translucent gate.
  3195 | D:4      | Found a runed translucent gate.
  3197 | D:4      | Found an opulent altar of Gozag.
  3408 | D:4      | Noticed pokeman's ghost (amateur DEHW)
  3439 | D:5      | Entered Level 5 of the Dungeon
  3565 | D:5      | Found a glowing drain.
  3569 | Sewer    | Entered a sewer
  3661 | Sewer    | Reached * piety under the Shining One
  4299 | D:5      | Found an ornate altar of the Wu Jian Council.
  4416 | D:5      | Reached XP level 8. HP: 45/63 MP: 12/12
  4738 | D:6      | Found a hide-covered altar of Uskayaw.
  4738 | D:6      | Found a burning altar of Makhleb.
  6024 | D:7      | Reached XP level 9. HP: 69/69 MP: 14/14
  6102 | D:7      | Noticed a hornet
  6385 | D:7      | Noticed a two-headed ogre
  6396 | D:7      | Killed a two-headed ogre
  6710 | D:8      | Found a radiant altar of Vehumet.
  6710 | D:8      | Found a bloodstained altar of Trog.
  6756 | D:8      | Reached skill level 5 in Invocations
  6882 | D:8      | Found a sand-covered staircase.
  6890 | D:8      | Identified a scroll of acquirement
  6890 | D:8      | Acquired the ring "Gogack" {rN+ Will++}
  6969 | Ossuary  | Entered an ossuary
  7006 | Ossuary  | Reached ** piety under the Shining One
  7094 | Ossuary  | Reached *** piety under the Shining One
  7232 | Ossuary  | Reached **** piety under the Shining One
  7325 | D:8      | Found a flagged portal.
  7333 | Bailey   | Entered a bailey
  7394 | Bailey   | Reached XP level 10. HP: 76/77 MP: 17/17
  7465 | Bailey   | Noticed an orc knight
  7490 | Bailey   | Reached skill level 5 in Short Blades
  7490 | Bailey   | Reached skill level 5 in Long Blades
  7490 | Bailey   | Reached skill level 5 in Axes
  7490 | Bailey   | Reached skill level 5 in Maces & Flails
  7490 | Bailey   | Reached skill level 5 in Polearms
  7490 | Bailey   | Reached skill level 5 in Staves
  7490 | Bailey   | Reached skill level 5 in Ranged Weapons
  7490 | Bailey   | Reached skill level 5 in Throwing
  7490 | Bailey   | Reached skill level 5 in Armour
  7490 | Bailey   | Reached skill level 5 in Stealth
  7490 | Bailey   | Reached skill level 5 in Shields
  7490 | Bailey   | Reached skill level 5 in Spellcasting
  7490 | Bailey   | Reached skill level 5 in Evocations
  7493 | Bailey   | Noticed an orc knight
  7494 | Bailey   | Noticed an orc knight
  7499 | Bailey   | Killed an orc knight
  7524 | Bailey   | Killed an orc knight
  7649 | D:8      | Noticed Prince Ribbit
  7661 | D:8      | Killed Prince Ribbit
  7929 | D:8      | Found a broken altar of Ashenzari.
  7944 | D:8      | Noticed a two-headed ogre
  7951 | D:8      | Killed a two-headed ogre
  8646 | D:7      | Reached XP level 11. HP: 47/84 MP: 19/19
  8915 | D:8      | Reached skill level 5 in Conjurations
  8915 | D:8      | Reached skill level 5 in Hexes
  8915 | D:8      | Reached skill level 5 in Summonings
  8915 | D:8      | Reached skill level 5 in Necromancy
  8915 | D:8      | Reached skill level 5 in Translocations
  8915 | D:8      | Reached skill level 5 in Transmutations
  8915 | D:8      | Reached skill level 5 in Fire Magic
  8915 | D:8      | Reached skill level 5 in Ice Magic
  8915 | D:8      | Reached skill level 5 in Air Magic
  8915 | D:8      | Reached skill level 5 in Earth Magic
  8915 | D:8      | Reached skill level 5 in Poison Magic
  9245 | D:9      | Noticed Psyche
  9253 | D:9      | Killed Psyche
  9375 | D:9      | Identified the +5 spear "Dageadit" {pain, Int+4 Stlth-}
  9575 | D:9      | Noticed a deep elf zephyrmancer
  9580 | D:9      | Noticed a deep elf zephyrmancer
  9581 | D:9      | Identified the +2 hat of Belenef {Drain +Inv Str+4}
  9584 | D:9      | Killed a deep elf zephyrmancer
  9586 | D:9      | Killed a deep elf zephyrmancer
  9739 | D:9      | Found a sparkling altar of Nemelex Xobeh.
 10358 | D:9      | Found a staircase to the Lair.
 10374 | Lair:1   | Entered Level 1 of the Lair of Beasts
 11506 | Lair:2   | Noticed Fannar
 11523 | Lair:2   | Reached XP level 12. HP: 65/94 MP: 22/22
 11531 | Lair:2   | Killed Fannar
 12267 | Lair:2   | Found a staircase to the Swamp.
 13143 | Lair:3   | Noticed Amaemon
 13361 | Lair:4   | Upgraded the game from 0.31-a0-321-g19405a7a6a to
                  | 0.31-a0-325-g067879e3d3
 13486 | Lair:4   | Reached ***** piety under the Shining One
 13771 | Lair:4   | Found an ancient bone altar of Kikubaaqudgha.
 14132 | Lair:4   | Reached XP level 13. HP: 101/101 MP: 23/25
 14262 | Lair:5   | Entered Level 5 of the Lair of Beasts
 14790 | Lair:4   | Learned a level 3 spell: Mephitic Cloud
 14794 | Lair:4   | Learned a level 3 spell: Ozocubu's Armour
 14798 | Lair:4   | Learned a level 3 spell: Frozen Ramparts
 15675 | Lair:3   | Found a staircase to the Snake Pit.
 15910 | D:10     | Entered Level 10 of the Dungeon
 16970 | D:11     | Identified the +1 long sword of Terra Cotta {pain, Str+2
                  | Dex+3}
 16999 | D:11     | Identified the +5 ring mail of Bitterness {+Blink rF+}
 17046 | D:11     | Found Soiggink's Assorted Antiques.
 17070 | D:11     | Reached skill level 10 in Fighting
 17070 | D:11     | Reached skill level 10 in Dodging
 17070 | D:11     | Reached skill level 10 in Unarmed Combat
 17126 | D:11     | Bought a potion of curing for 87 gold pieces
 17126 | D:11     | Bought a potion of curing for 87 gold pieces
 17126 | D:11     | Bought a lumpy red potion for 26 gold pieces
 17129 | D:11     | Bought a scroll of identify for 58 gold pieces
 17242 | D:11     | Found a staircase to the Orcish Mines.
 17310 | D:11     | Found Ciocevuh's Armour Boutique.
 17411 | D:11     | Reached skill level 10 in Shapeshifting
 17808 | D:12     | Reached XP level 14. HP: 83/110 MP: 25/27
 18665 | D:12     | Found a white marble altar of Elyvilon.
 19127 | Orc:1    | Entered Level 1 of the Orcish Mines
 19363 | Orc:1    | Reached skill level 10 in Invocations
 19382 | Orc:1    | Noticed Gastronok
 19398 | Orc:1    | Killed Gastronok
 19700 | Orc:2    | Entered Level 2 of the Orcish Mines
 19774 | Orc:2    | Noticed an orc warlord
 19782 | Orc:2    | Killed an orc warlord
 19835 | Orc:2    | Found Murot's Jewellery Emporium.
 19845 | Orc:2    | Found Oroqu's Antique Weapon Emporium.
 19849 | Orc:2    | Found Zoinoog's Antique Armour Emporium.
 19875 | Orc:2    | Found Okhluam's General Store.
 20419 | Orc:2    | Found a staircase to the Elven Halls.
 20439 | Orc:2    | Found Jeohuraomn's Distillery.
 20454 | Orc:2    | Bought a potion of heal wounds for 85 gold pieces
 20454 | Orc:2    | Bought a potion of curing for 51 gold pieces
 21321 | Lair:3   | Killed Amaemon
 21322 | Lair:3   | Reached XP level 15. HP: 97/117 MP: 28/28
 21808 | Lair:3   | Reached skill level 10 in Short Blades
 21808 | Lair:3   | Reached skill level 10 in Long Blades
 21808 | Lair:3   | Reached skill level 10 in Axes
 21808 | Lair:3   | Reached skill level 10 in Maces & Flails
 21808 | Lair:3   | Reached skill level 10 in Polearms
 21808 | Lair:3   | Reached skill level 10 in Staves
 21808 | Lair:3   | Reached skill level 10 in Ranged Weapons
 21808 | Lair:3   | Reached skill level 10 in Throwing
 21808 | Lair:3   | Reached skill level 10 in Armour
 21808 | Lair:3   | Reached skill level 10 in Stealth
 21808 | Lair:3   | Reached skill level 10 in Shields
 21808 | Lair:3   | Reached skill level 10 in Spellcasting
 21808 | Lair:3   | Reached skill level 10 in Evocations
 21920 | Lair:3   | Noticed Josephine
 21927 | Lair:3   | Killed Josephine
 23936 | Lair:5   | Found a staircase to the Slime Pits.
 23936 | Lair:5   | Found a viscous altar of Jiyva.
 24098 | Lair:5   | Found the +7 Spriggan's Knife {stab, EV+4 Stlth+}
 24112 | Lair:5   | Identified the +5 bardiche of Dissatisfaction {heavy,
                  | +Blink rCorr Dex+2 Stlth+}
 24607 | Lair:5   | Identified the +1 sling "Diufado" {heavy, Str-5 Int+7}
 25401 | D:13     | Found an ornate altar of the Wu Jian Council.
 25744 | D:13     | Found a gate to the Vaults.
 25766 | D:13     | Acquired a book of Air
 26135 | D:13     | Found a portal to a secret trove of treasure.
 26595 | D:14     | Identified the +0 robe "Inkudwoann" {Str+3}
 26952 | D:14     | Reached ****** piety under the Shining One
 27569 | Snake:1  | Entered Level 1 of the Snake Pit
 28001 | Swamp:1  | Entered Level 1 of the Swamp
 28009 | Swamp:1  | Reached XP level 16. HP: 90/126 MP: 30/30
 29656 | Swamp:2  | Noticed a thorn hunter
 30007 | Swamp:2  | Killed a thorn hunter
 32455 | Swamp:3  | The Shining One protects you from harm!
 32937 | Swamp:3  | Found a shimmering altar of Xom.
 33541 | Swamp:3  | Noticed a thorn hunter
 33594 | Swamp:3  | Killed a thorn hunter
 34151 | Swamp:4  | Entered Level 4 of the Swamp
 34694 | Elf:1    | Entered Level 1 of the Elven Halls
 35427 | Elf:1    | Reached XP level 17. HP: 71/134 MP: 32/32
 35740 | Orc:2    | Learned a level 4 spell: Airstrike
 36909 | Orc:2    | Bought a scroll of acquirement for 520 gold pieces
 37066 | D:13     | You paid a toll of 2 scrolls of acquirement to enter a
                  | treasure trove
 37067 | Trove    | Entered a treasure trove
 37079 | Trove    | Identified the +3 kite shield of the Exiled Seers {-Cast
                  | Harm rC+ Dex+5}
 37080 | Trove    | Identified the +0 pair of gloves of Ignis's Supremacy
                  | {Str+2}
 37081 | Trove    | Identified the +0 kite shield "Kodex" {rElec rC++}
 37086 | Trove    | Identified the +0 hat of the Distant Future {Dex+3}
 37089 | Trove    | Identified the +6 chain mail of Prudence {Harm Rampage
                  | rPois Dex+3}
 37092 | Trove    | Identified the +3 scale mail of Demons {rPois rC+ rN+
                  | Will-}
 37446 | Snake:1  | Reached skill level 10 in Conjurations
 37446 | Snake:1  | Reached skill level 10 in Hexes
 37446 | Snake:1  | Reached skill level 10 in Summonings
 37446 | Snake:1  | Reached skill level 10 in Necromancy
 37446 | Snake:1  | Reached skill level 10 in Translocations
 37446 | Snake:1  | Reached skill level 10 in Transmutations
 37446 | Snake:1  | Reached skill level 10 in Fire Magic
 37446 | Snake:1  | Reached skill level 10 in Ice Magic
 37446 | Snake:1  | Reached skill level 10 in Air Magic
 37446 | Snake:1  | Reached skill level 10 in Earth Magic
 37446 | Snake:1  | Reached skill level 10 in Poison Magic
 37998 | Snake:1  | Identified the +1 longbow "Heifi" {freeze, Int+5}
 38687 | Lair:3   | Learned a level 5 spell: Summon Forest
 39135 | Snake:2  | Identified the +1 short sword "Ylim" {vamp, rF+}
 40225 | Snake:3  | Learned a level 4 spell: Iskenderun's Mystic Blast
 40446 | Snake:3  | Found Hireudave's Magic Scroll Shop.
 40454 | Snake:3  | Bought a scroll of teleportation for 54 gold pieces
 41065 | Snake:4  | Entered Level 4 of the Snake Pit
 41598 | Snake:4  | Found Sutil's Distillery.
 41708 | Snake:4  | Reached XP level 18. HP: 49/143 MP: 31/34
 42255 | Swamp:4  | HP: 1/143 [poison (dark miasma)]
 42923 | Swamp:4  | Found a bloodstained altar of Trog.
 43409 | Swamp:4  | Found a blossoming altar of Fedhas.
 43444 | Swamp:4  | Got a decaying rune of Zot
 43475 | Swamp:4  | Found a basalt altar of Yredelemnul.
 43480 | Swamp:4  | Identified the +6 chain mail of Summer {Fly}
 43834 | Orc:2    | Bought 2 potions of heal wounds for 100 gold pieces
 43834 | Orc:2    | Bought a potion of heal wounds for 50 gold pieces
 44515 | Orc:2    | Bought a book of the Warp for 420 gold pieces
 44520 | Orc:2    | Learned a level 4 spell: Manifold Assault
 44912 | Elf:2    | Found Buqag's Jewellery Shop.
 44971 | Elf:2    | Found a glowing silver altar of Zin.
 44971 | Elf:2    | Found a glowing golden altar of the Shining One.
 44972 | Elf:2    | Found a white marble altar of Elyvilon.
 44974 | Elf:2    | Found a crumbling gateway.
 45117 | Desolati | Entered the Desolation of Salt
 45363 | Desolati | Identified the ring "Cuthut" {rF+ SInv}
 45457 | Desolati | Gained mutation: You are partially covered in large bone
                  | plates. (SH +4) [potion of mutation]
 45457 | Desolati | Gained mutation: Your muscles are strong. (Str +4, Int/Dex
                  | -1) [potion of mutation]
 45457 | Desolati | Gained mutation: You have sharp toenails. [potion of
                  | mutation]
 45552 | Desolati | HP: 4/144 [peacekeeper (6)]
 45555 | Desolati | HP: 1/144 [saltling (3)]
 45557 | Desolati | Slain by a saltling

Illustrated notes

Levels and vault maps discovered:
D:1:      nzn_arrival_water_spiral, layout_basic
D:2:      layout_basic, hellmonk_ecumenical_altar_watching_god, serial_shops,
          nicolae_shop_hallway_plus, uniq_terence
D:3:      layout_loops_ring, minivault_19
D:4:      cheibrodos_quashed, layout_basic, brannock_xom_greatest_gift,
          minmay_temple_entry_statues_fountains, ebering_ghost_gozag,
          serial_curves, eino_curves_02, eino_curves_02, eino_curves_04,
          eino_curves_04, nicolae_shop_gadgets
D:5:      layout_rooms, mainiacjoe_overflow_alcove_2, gup_sewer_entry_bowl
D:6:      layout_loops_corners, chequers_temple_overflow_statue_of_worship
D:7:      layout_cave_pools
D:8:      layout_gridville, gammafunk_temple_overflow_forgotten,
          nicolae_ossuary_entry_false_entrances, lightli_bailey_entry_fortress,
          uniq_prince_ribbit1
D:9:      layout_gridville, mainiacjoe_overflow_brackets,
          grunt_lair_entry_orc_guard_hut, hangedman_minor_magic, uniq_psyche
D:10:     layout_basic, nicolae_twisty_statue_hallways
D:11:     layout_loops_cross, orc_david_3, serial_shops,
          nicolae_shop_window_shopping
D:12:     kennysheep_seaside_town, layout_loops_cross, elyvilon_altar_1
D:13:     layout_small_grid, grunt_vaults_entry_tiered,
          nicolae_trove_entry_path_of_doom, pdpol_wu_jian_five_deadly_venoms
D:14:     layout_rooms
Temple:   eino_temple_lava
Lair:1:   layout_roguey
Lair:2:   layout_roguey, skrybe_swamp_entry_bodies, minivault_11,
          lemuel_fruit_tree, infiniplex_staircase_pool, uniq_fannar
Lair:3:   layout_loops_ring, nicolae_snake_entry_warm_welcome,
          minmay_lindwurm_lava, uniq_amaemon, uniq_josephine
Lair:4:   layout_regular_city, basic_altar, roderic_carrion_pond
Lair:5:   minmay_lair_end_frog_pond, layout_loops_ring, slime_entry_1,
          serial_bayou_crossing
Swamp:1:  layout_basic_swamp, evilmike_swamp_ruin_house_1,
          nicolae_swamp_super_fun_site
Swamp:2:  layout_basic_swamp, evilmike_swamp_ruin_house_4
Swamp:3:  layout_falls_marsh, nicolae_swamp_godswood, swamp_pool5,
          nicolae_swamp_treefoil
Swamp:4:  byrel_swamp_growth_death_and_undeath, layout_basic_swamp,
          lemuel_altar_in_water, swamp_pool1, hangedman_swamp_lotus,
          nicolae_swamp_tree_designs
Snake:1:  layout_gridlike
Snake:2:  layout_cave_shapes
Snake:3:  layout_honeycomb, serial_shops, shop
Snake:4:  grunt_snake_rune_serpentine_throne, layout_concentric_octagons,
          serial_shops, shop
Orc:1:    layout_caves, elves_outpost_lemuel, uniq_gastronok
Orc:2:    grunt_orc_cross, layout_caves, serial_shops,
          nicolae_shop_industrial_runoff
Elf:1:    eino_elf_arrival_shootout, layout_loops_corners,
          hangedman_elf_represent
Elf:2:    nicolae_elf_blades_splatter_lattice [nooodl_blade_entry_preview],
          layout_loops_corners, portal_desolation_entry_holy_temple,
          serial_shops, nicolae_shop_back_alley_shop,
          nicolae_shop_tiny_statue_garden
Desolation

Skill      XL: |  1  2  3  4  5  6  7  8  9 10 11 12 13 14 15 16 17 |
---------------+----------------------------------------------------+-----
Invocations    | 1 2 3 4 5 6 7 8 9 10 11 12 13 | 13.9
Short Blades   | 1 2 3 4 5 6 8 9 10 11 12 | 12.8
Long Blades    | 1 2 3 4 5 6 8 9 10 11 12 | 12.8
Axes           | 1 2 3 4 5 6 8 9 10 11 12 | 12.8
Maces & Flails | 1 2 3 4 5 6 8 9 10 11 12 | 12.8
Polearms       | 1 2 3 4 5 6 8 9 10 11 12 | 12.8
Staves         | 1 2 3 4 5 6 8 9 10 11 12 | 12.8
Ranged Weapons | 1 2 3 4 5 6 8 9 10 11 12 | 12.8
Throwing       | 1 2 3 4 5 6 8 9 10 11 12 | 12.8
Armour         | 1 2 3 4 5 6 8 9 10 11 12 | 12.8
Stealth        | 1 2 3 4 5 6 8 9 10 11 12 | 12.8
Shields        | 1 2 3 4 5 6 8 9 10 11 12 | 12.8
Spellcasting   | 1 2 3 4 5 6 8 9 10 11 12 | 12.8
Evocations     | 1 2 3 4 5 6 8 9 10 11 12 | 12.8
Conjurations   | 1 2 3 4 5 6 7 8 9 10 | 10.8
Hexes          | 1 2 3 4 5 6 7 8 9 10 | 10.8
Summonings     | 1 2 3 4 5 6 7 8 9 10 | 10.8
Necromancy     | 1 2 3 4 5 6 7 8 9 10 | 10.8
Translocations | 1 2 3 4 5 6 7 8 9 10 | 10.8
Transmutations | 1 2 3 4 5 6 7 8 9 10 | 10.8
Fire Magic     | 1 2 3 4 5 6 7 8 9 10 | 10.8
Ice Magic      | 1 2 3 4 5 6 7 8 9 10 | 10.8
Air Magic      | 1 2 3 4 5 6 7 8 9 10 | 10.8
Earth Magic    | 1 2 3 4 5 6 7 8 9 10 | 10.8
Poison Magic   | 1 2 3 4 5 6 7 8 9 10 | 10.8
Fighting       | 5 6 7 8 9 10 11 12 13 | 13.5
Dodging        | 5 6 7 8 9 10 11 12 13 | 13.5
Unarmed Combat | 5 6 7 8 9 10 11 12 13 | 13.5
Shapeshifting  | 7 8 9 10 11 12 | 12.6

Action                     |  1- 3 |  4- 6 |  7- 9 | 10-12 | 13-15 | 16-18 || total
---------------------------+-------+-------+-------+-------+-------+-------++-------
  Melee: Unarmed           |    65 |     5 |       |       |   254 |   558 ||   882
         Punch             |     5 |     4 |    15 |    15 |       |       ||    39
         Bite              |     3 |    11 |    37 |    72 |   134 |   273 ||   530
         Whip              |       |    80 |       |       |       |       ||    80
         Dagger            |       |    49 |   306 |   480 |   586 |       ||  1421
         Constrict         |       |       |       |       |    64 |    47 ||   111
         Knife             |       |       |       |       |       |   868 ||   868
   Cast: Frozen Ramparts   |       |       |       |       |    13 |    16 ||    29
         Ozocubu's Armour  |       |       |       |       |    10 |     9 ||    19
         Mephitic Cloud    |       |       |       |       |    40 |    34 ||    74
         Airstrike         |       |       |       |       |       |    44 ||    44
         Summon Forest     |       |       |       |       |       |    10 ||    10
         Iskenderun's Myst |       |       |       |       |       |     3 ||     3
 Invoke: Divine Shield     |       |       |     1 |     1 |     3 |     1 ||     6
         Cleansing Flame   |       |       |       |     4 |     7 |     8 ||    19
         Summon Divine War |       |       |       |       |     5 |    15 ||    20
Ability: Begin Untransform |       |       |       |       |       |     1 ||     1
  Evoke: Wand              |       |       |     8 |    25 |    19 |    41 ||    93
    Use: Scroll            |       |       |    13 |     7 |    16 |    14 ||    50
         Potion            |       |       |     4 |     4 |     8 |    30 ||    46
   Stab: Sleeping          |     1 |     3 |       |       |       |       ||     4
 Armour: Animal skin       |    11 |     3 |       |       |       |       ||    14
         Scale mail        |       |    13 |    97 |   134 |    44 |       ||   288
         Skin              |       |       |     2 |    36 |    51 |    36 ||   125
         Ring mail         |       |       |       |       |    60 |   399 ||   459
  Dodge: Dodged            |    43 |    63 |   168 |   219 |   349 |   726 ||  1568
  Block: Other             |       |       |     7 |       |       |       ||     7
         Buckler           |       |       |       |    83 |   158 |    67 ||   308
         Kite shield       |       |       |       |       |       |   602 ||   602
   Form: Anaconda          |       |       |       |       |     1 |       ||     1

Table legend: (Time is in decaauts)
 A = Elapsed time spent in this place.
 B = Non-inter-level travel time spent in this place.
 C = Inter-level travel time spent in this place.
 D = Time resting spent in this place.
 E = Time spent auto-exploring this place.
 F = Levels seen in this place.
 G = Mean time per level.
                   A        B        C        D        E       F      G
               +--------+--------+--------+--------+--------+-----+--------+
         Total |  44903 |  41502 |   3401 |  13886 |  17459 |  37 | 1213.6 |
       Dungeon |  15760 |  14324 |   1436 |   3525 |   7402 |  14 | 1125.7 |
        Temple |     36 |     36 |      0 |      0 |      0 |   1 |   36.0 |
          Lair |  10053 |   9322 |    731 |   4257 |   3436 |   5 | 2010.6 |
         Swamp |   7760 |   7435 |    325 |   3973 |   1882 |   4 | 1940.0 |
     Snake Pit |   5193 |   4895 |    298 |   1028 |   2770 |   4 | 1298.2 |
  Orcish Mines |   2570 |   2067 |    503 |    460 |    928 |   2 | 1285.0 |
   Elven Halls |   1891 |   1786 |    105 |    290 |    689 |   2 |  945.5 |
         Trove |     52 |     52 |      0 |      0 |      0 |   1 |   52.0 |
         Sewer |    610 |    610 |      0 |     68 |    309 |   1 |  610.0 |
       Ossuary |    291 |    291 |      0 |     27 |      0 |   1 |  291.0 |
        Bailey |    296 |    296 |      0 |     50 |     41 |   1 |  296.0 |
    Desolation |    387 |    387 |      0 |    208 |      0 |   1 |  387.0 |
               +--------+--------+--------+--------+--------+-----+--------+

Top non-repeatable levels by time:
  Lair:4: 3225 daAuts
 Swamp:3: 2407 daAuts
  Lair:2: 2260 daAuts
 Swamp:1: 2197 daAuts
   Orc:2: 1930 daAuts
    D:12: 1743 daAuts
     D:9: 1689 daAuts
   Elf:1: 1685 daAuts
 Snake:3: 1668 daAuts
 Swamp:2: 1631 daAuts
  Lair:5: 1605 daAuts
  Lair:3: 1525 daAuts
 Swamp:4: 1523 daAuts
  Lair:1: 1437 daAuts
 Snake:1: 1431 daAuts
